 Dungeon Crawl Stone Soup version 0.31-a0-968-g24f9ace8b5 (webtiles) character file.

Game seed: 10708364760223582347

14238 Turgor the Mimic (level 11, -1/97 HPs)
             Began as a Red Draconian Shapeshifter on Oct 27, 2023.
             Was an Elder of Wu Jian.
             Slain by a catoblepas (16 damage)
             ... on level 2 of the Lair of Beasts.
             The game lasted 00:55:50 (13602 turns).

Turgor the Mimic (Red Draconian Shapeshifter)      Turns: 13602, Time: 00:55:50

Health: -1/97      AC: 10    Str: 16    XL:     11   Next: 86%
Magic:  11/11      EV: 16    Int: 11    God:    Wu Jian [****..]
Gold:   433        SH:  0    Dex: 15    Spells: 4/10 levels left

rFire   + .          .
                       - Unarmed
rCold   + . .        (no shield)
rNeg    . . .        (body armour unavailable)
rPois   +            (helmet restricted)
rElec   .            J - +0 cloak
rCorr   .            f - +1 pair of gloves
SInv    .            (no boots)
Will    .....        D - amulet of the acrobat
Stlth   +            l - ring of poison resistance
HPRegen 0.36/turn    y - ring of protection from cold
MPRegen 0.12/turn

%: acrobat
@: maw-form
A: devouring maw, breathe fire, AC +7, unfitting armour, fire resistance 1,
cold-blooded
a: Breathe Fire, Begin Untransformation, Renounce Religion, Wall Jump, Serpent's
Lash


You were on level 2 of the Lair of Beasts.
You worshipped Wu Jian.
Wu Jian was greatly pleased with you.
You were a creature with a mouth for a stomach.
You visited 3 branches of the dungeon, and saw 14 of its levels.

You collected 738 gold pieces.
You spent 305 gold pieces at shops.

Inventory:

Missiles
 s - 6 poisoned darts (quivered)
Armour
 f - a +1 pair of gloves (worn)
 J - a +0 cloak (worn)
Magical Staves
 q - a staff of fire
Jewellery
 d - a ring of wizardry
 l - a ring of poison resistance (left hand)
 o - a ring of see invisible
 u - an amulet of guardian spirit
 y - a ring of protection from cold (right hand)
 D - an amulet of the acrobat (around neck)
 K - an amulet of faith
Talismans
 b - a beast talisman
 c - a flux talisman
 n - a maw talisman (active)
Wands
 x - a wand of flame (30)
 B - a wand of iceblast (6)
 E - a wand of charming (11)
 F - a wand of polymorph (21)
Scrolls
 a - a scroll of immolation
 e - a scroll of enchant weapon
 i - a scroll of revelation
 m - 2 scrolls of blinking
 p - a scroll of teleportation
 t - 2 scrolls of vulnerability
 w - 3 scrolls of poison
 G - a scroll of amnesia
 H - a scroll of identify
Potions
 g - 2 potions of curing
 h - 3 potions of enlightenment
 j - a potion of resistance
 k - 4 potions of magic
 r - 3 potions of mutation
 v - a potion of cancellation
 z - a potion of attraction
 A - 2 potions of brilliance
 C - 2 potions of might
 I - a potion of lignification


   Skills:
 + Level 9.6 Fighting
 + Level 8.2 Dodging
 + Level 9.3 Unarmed Combat
 * Level 11.7 Shapeshifting


You had 4 spell levels left.
You knew the following spells:

 Your Spells              Type           Power      Damage    Failure   Level
a - Volatile Blastmotes   Fire/Tloc      0%         2d10      71%         3
b - Ignite Poison         Fire/Tmut/Pois 0%         N/A       71%         3

Your spell library contained the following spells:

 Spells                   Type           Power      Damage    Failure   Level
 Slow                     Hex            0%         N/A       34%         1
 Summon Small Mammal      Summ           0%         N/A       34%         1
 Cigotuvi's Dreadful Rot  Necr/Pois/Air  0%         N/A       47%         2
 Confusing Touch          Hex            0%         N/A       71%         3
 Dazzling Flash           Conj/Hex       0%         N/A       71%         3
 Hailstorm                Conj/Ice       0%         3d3       71%         3
 Sigil of Binding         Hex            0%         N/A       71%         3
 Tukima's Dance           Hex            0%         N/A       71%         3
 Vampiric Draining        Necr           0%         2d6       71%         3
 Dimensional Bullseye     Hex/Tloc       0%         N/A       98%         4
 Iskenderun's Mystic Bla  Conj/Tloc      0%         2d3       98%         4
 Summon Ice Beast         Ice/Summ       0%         N/A       98%         4
 Summon Lightning Spire   Summ/Air       0%         N/A       98%         4
 Freezing Cloud           Conj/Ice/Air   0%         6-21      100%        5
 Lee's Rapid Deconstruct  Erth           0%         3d4*      100%        5
 Simulacrum               Ice/Necr       0%         N/A       100%        6
 Starburst                Conj/Fire      0%         6d3       100%        6
 Maxwell's Capacitive Co  Air            0%         ∞         100%        8
 Animate Armour           Summ/Erth      Unusable   N/A       N/A         4

Dungeon Overview and Level Annotations

Branches:
Dungeon (11/15)            Temple (1/1) D:4            Lair (2/5) D:8
    Orc (0/2) D:10
  Swamp: Lair:2-3    Shoals: Lair:2-3     Snake: Lair:2-3    Spider: Lair:2-3

Altars:
Ashenzari
Cheibriados
Dithmenos
Elyvilon
Fedhas
Gozag
Hepliaklqana
Kikubaaqudgha
Makhleb
Nemelex Xobeh
Okawaru
Qazlal
Ru
Sif Muna
Trog
Uskayaw
Vehumet
Wu Jian
Xom
Yredelemnul
Zin
The Shining One

Shops:
D:3 (   D:4 !=(   D:6 *=*   D:7 *

Portals:
Trove: D:10 (give +7 demon whip)

Annotations:
Lair:1 1 runed translucent door, Xoff's ghost, journeyman GnCj


Innate Abilities, Weirdness & Mutations

You are a creature with a mouth for a stomach.
Your midsection houses a second, enormous mouth.
You can breathe blasts of fire.
Your fiery red scales are hard. (AC +7)
You cannot fit into any form of body armour.
Your flesh is heat resistant. (rF+)
You are cold-blooded and may be slowed by cold attacks.


Message History

The catoblepas closely misses you.
Unknown command.
Unknown command.
You barely miss the catoblepas. You bite the catoblepas.
The catoblepas is heavily wounded.
The komodo dragon is no longer petrified.
The komodo dragon is engulfed in calcifying dust.
The catoblepas gores you!!
The komodo dragon is engulfed in calcifying dust.
You hit the catoblepas.
You bite the catoblepas, but do no damage.
The catoblepas is heavily wounded.
The komodo dragon is engulfed in calcifying dust.
The catoblepas gores you!
Unknown command.
Unknown command.
You spin and attack the komodo dragon.
You hit the komodo dragon. You bite the komodo dragon!
The komodo dragon is moderately wounded.
You spin and attack the catoblepas.
You hit the catoblepas but do no damage.
The catoblepas is heavily wounded.
The komodo dragon is engulfed in calcifying dust.
The komodo dragon bites you!
* * * LOW HITPOINT WARNING * * *
The komodo dragon is engulfed in calcifying dust.
The catoblepas breathes a plume of calcifying dust at you.
The blast of calcifying dust hits you!
* * * LOW HITPOINT WARNING * * *
Unknown command.
Unknown command.
You spin and attack the catoblepas repeatedly.
You hit the catoblepas but do no damage.
You tail-slap the catoblepas, but do no damage.
The catoblepas is heavily wounded.
You punch the catoblepas!
The catoblepas is severely wounded.
The komodo dragon is engulfed in calcifying dust.
The catoblepas gores you!
You die...

##########.#.#.P#..######.
........§.................
.....#.P§#P.P......####P..
........§.........♣# #P..♣
#.......§..♣♣...♣♣♣ ♣..♣.
#.......§.♣♣♣.♣.♣ ♣♣♣♣♣
........§.♣.♣♣♣♣♣ ♣
.....#..l...~♣.♣♣ ♣
.....#..YWw.~~..♣
........l.♣~.....♣
#....###§.♣~~~...♣
........§.♣~..~♣§♣ ♣
#.......§.♣~...♣ § ♣
..........♣≈≈~≈♣ ♣♣
..........♣≈≈≈♣♣ ♣♣♣.
.....####♣♣♣♣♣ ♣♣... ...P#
#.###


You could see a catoblepas, 2 komodo dragons and a swamp worm (petrified).

Vanquished Creatures
  A two-headed ogre (D:9)
  A black mamba (Lair:2)
  6 elephants (Lair:1)
  A cane toad (Lair:2)
  Jeremiah (D:7)
  3 komodo dragons
  A freezing wraith (D:9)
  A hornet (D:7)
  4 blink frogs (Lair:1)
  A wyvern (D:5)
  A wraith (D:9)
  15 yaks
  A basilisk (Lair:1)
  A steam dragon (D:8)
  4 vampire mosquitoes (D:10)
  A warg (D:9)
  An acid dragon (D:8)
  Duvessa (D:4)
  2 orc warriors (D:10)
  An ice beast (D:7)
  3 water moccasins
  3 black bears
  2 sky beasts
  3 ogres
  6 wolves (Lair:2)
  8 centaurs
  9 bullfrogs
  A gnoll sergeant (D:10)
  3 wights (D:7)
  Dowan (D:4)
  21 killer bees
  An electric eel (D:6)
  A howler monkey (D:7)
  2 hounds
  4 orc priests
  3 sleepcaps
  A scorpion zombie (D:3)
  4 iguanas
  8 orc wizards
  Robin (D:5)
  16 gnolls
  12 adders
  A shadow imp (D:6)
  2 white imps
  2 ufetubi (D:5)
  An adder zombie (D:3)
  A worm (D:5)
  4 dart slugs
  23 orcs
  8 bats
  8 endoplasms
  3 giant cockroaches
  20 goblins
  11 hobgoblins
  12 kobolds
  A quokka (D:2)
  9 ball pythons
  A ball python zombie (D:3)
  A frilled lizard (D:1)
  2 quokka skeletons (D:3)
  7 rats
  A spectral orc (D:4)
279 creatures vanquished.

Vanquished Creatures (others)
  Ijyb (D:5)
1 creature vanquished.

Grand Total: 280 creatures vanquished

Notes
Turn   | Place    | Note
-------+----------+-------------------------------------------
     0 | D:1      | Turgor the Draconian Shapeshifter began the quest for the
                  | Orb.
     0 | D:1      | Reached XP level 1. HP: 16/16 MP: 1/1
   166 | D:1      | Reached XP level 2. HP: 22/23 MP: 2/2
   454 | D:1      | Found a faded altar of an unknown god.
   459 | D:1      | Reached XP level 3. HP: 28/29 MP: 3/3
  1699 | D:3      | Identified the "Dups"
  1742 | D:3      | Reached XP level 4. HP: 35/36 MP: 4/4
  1803 | D:3      | Found Fethad's Antique Weapon Shoppe.
  1861 | D:3      | Reached skill level 4 in Shapeshifting
  1893 | D:3      | Reached XP level 5. HP: 42/42 MP: 5/5
  2114 | D:3      | Found an ancient bone altar of Kikubaaqudgha.
  2127 | D:3      | Found a radiant altar of Vehumet.
  2139 | D:3      | Found a shimmering blue altar of Sif Muna.
  2155 | D:3      | Reached XP level 6. HP: 39/51 MP: 3/6
  2575 | D:4      | Noticed Duvessa
  2593 | D:4      | Noticed Dowan
  2670 | D:4      | Found Ogoet's Jewellery Shop.
  2687 | D:4      | Found Savuluhi's Distillery.
  2703 | D:4      | Bought a potion of mutation for 96 gold pieces
  2703 | D:4      | Bought a potion of enlightenment for 60 gold pieces
  2703 | D:4      | Bought a potion of attraction for 36 gold pieces
  2703 | D:4      | Bought a potion of curing for 36 gold pieces
  2748 | D:4      | Found a staircase to the Ecumenical Temple.
  2760 | Temple   | Entered the Ecumenical Temple
  2766 | Temple   | Became a worshipper of the Wu Jian Council
  3070 | D:4      | Found a basalt altar of Yredelemnul.
  3252 | D:4      | Found Gaqacvamuu's Antique Weapon Shoppe.
  3264 | D:4      | Killed Dowan
  3265 | D:4      | Reached skill level 5 in Shapeshifting
  3297 | D:4      | Killed Duvessa
  3298 | D:4      | Your scales start taking on a fiery red colour.
  3298 | D:4      | Reached XP level 7. HP: 14/57 MP: 2/7
  3298 | D:4      | Gained mutation: Your flesh is heat resistant. (rF+) [Red
                  | Draconian growth]
  3828 | D:5      | Entered Level 5 of the Dungeon
  3833 | D:5      | Noticed a wyvern
  3849 | D:5      | Killed a wyvern
  4177 | D:5      | Reached skill level 5 in Unarmed Combat
  4177 | D:5      | Reached skill level 6 in Shapeshifting
  4289 | D:5      | Reached XP level 8. HP: 55/67 MP: 6/8
  4419 | D:5      | Learned a level 3 spell: Volatile Blastmotes
  4501 | D:5      | Noticed Ijyb
  4502 | D:5      | Noticed Robin
  4518 | D:5      | Killed Ijyb
  4696 | D:5      | Killed Robin
  4741 | D:5      | Reached * piety under Wu Jian
  5031 | D:6      | Found a broken altar of Ashenzari.
  5034 | D:6      | Found a sacrificial altar of Ru.
  5105 | D:6      | Reached skill level 5 in Fighting
  5135 | D:6      | Found Dihog's Distillery.
  5224 | D:6      | Found Archiefi's Assorted Antiques.
  5230 | D:6      | Bought a scroll labelled QIYTEI EFRALIC for 26 gold pieces
  5555 | D:6      | Found a stormy altar of Qazlal.
  5601 | D:6      | Reached skill level 7 in Shapeshifting
  5687 | D:6      | Found Nucheaf's Jewellery Boutique.
  5894 | D:6      | Found Lofa Rua's Assorted Antiques.
  5899 | D:6      | Bought a brown potion for 24 gold pieces
  5899 | D:6      | Bought a scroll labelled GUOTUECUID for 27 gold pieces
  5949 | D:6      | Found an opulent altar of Gozag.
  5950 | D:6      | Found a sparkling altar of Nemelex Xobeh.
  6019 | D:7      | Noticed Jeremiah
  6028 | D:7      | Noticed Joseph
  6536 | D:7      | Reached skill level 5 in Dodging
  6556 | D:7      | Reached XP level 9. HP: 55/75 MP: 6/9
  6776 | D:7      | Killed Jeremiah
  6851 | D:7      | Found Wafuereu's CLEARANCE SALE!.
  6960 | D:7      | Reached ** piety under Wu Jian
  7131 | D:7      | Joseph changed into Joseph the hornet
  7131 | D:7      | Noticed Joseph
  7136 | D:7      | Killed Joseph the hornet
  7137 | D:7      | Reached skill level 8 in Shapeshifting
  7388 | D:8      | Found a shadowy altar of Dithmenos.
  7482 | D:8      | Found a white marble altar of Elyvilon.
  8007 | D:8      | Found a staircase to the Lair.
  8744 | D:9      | Noticed a troll
  8750 | D:9      | a troll changed into an ogre
  9142 | D:9      | Reached skill level 9 in Shapeshifting
  9182 | D:9      | Reached XP level 10. HP: 72/86 MP: 10/10
  9268 | D:9      | Noticed Maurice
  9269 | D:9      | Maurice changed into Maurice the warg
  9269 | D:9      | Noticed Maurice
  9271 | D:9      | Noticed a two-headed ogre
  9278 | D:9      | Killed Maurice the warg
  9286 | D:9      | Killed a two-headed ogre
  9920 | D:10     | Entered Level 10 of the Dungeon
 10096 | D:10     | Reached skill level 10 in Shapeshifting
 10229 | D:10     | Found a portal to a secret trove of treasure.
 10287 | D:10     | Reached *** piety under Wu Jian
 10329 | D:10     | Found a staircase to the Orcish Mines.
 10364 | D:10     | Found a hazy altar of Hepliaklqana.
 10849 | D:10     | Found an iron altar of Okawaru.
 11082 | D:11     | Noticed a brown ugly thing
 11170 | Lair:1   | Entered Level 1 of the Lair of Beasts
 11194 | Lair:1   | Found a runed translucent door.
 11261 | Lair:1   | Reached XP level 11. HP: 95/95 MP: 11/11
 12251 | Lair:1   | Reached skill level 11 in Shapeshifting
 12755 | Lair:1   | Reached **** piety under Wu Jian
 13069 | Lair:1   | Noticed a spriggan rider
 13069 | Lair:1   | Noticed Xoff's ghost (journeyman GnCj)
 13070 | Lair:1   | Identified the +4 spear of Raxibrif {pain, Will+ Int+5}
 13219 | Lair:1   | Learned a level 3 spell: Ignite Poison
 13586 | Lair:2   | Noticed a catoblepas
 13602 | Lair:2   | Slain by a catoblepas

Illustrated notes

Levels and vault maps discovered:
D:1:      wheals_arrival_linesprint, layout_loops_ring,
          shapermc_ecumenical_altar_mp_highgroup
D:2:      layout_basic, minivault_23, minmay_randomly_rotated_circles
D:3:      layout_basic, palyth_temple_overflow_mages, serial_undead,
          serial_undead_b, serial_undead_f, serial_undead_a, serial_undead_e,
          serial_undead_c, serial_shops, nicolae_shop_window_shopping,
          minmay_increasing_density
D:4:      layout_loops_ring, yredelemnul_forgotten_temple_becter, temple_green,
          serial_shops, shop, nicolae_wooded_promenade, uniq_duvessa
D:5:      layout_basic, nicolae_goblin_pals
D:6:      hellmonk_ruined_rings, layout_loops_ring,
          grunt_temple_overflow_opulence, nicolae_qazlal_eye_of_the_storm,
          nicolae_overflow_squiral, serial_shops, nicolae_shop_gaudy_bauble,
          shop, nicolae_shop_competitors_out_of_business, shop
D:7:      layout_loops_cross, chequers_serial_rivers_small_a,
          nicolae_shop_clearance, uniq_jeremiah, uniq_joseph
D:8:      layout_layer_cave, mainiacjoe_overflow_alcove_1,
          mainiacjoe_overflow_boulevard, dpeg_oklobed_lair
D:9:      layout_rooms, kennysheep_generic_room_15, uniq_maurice
D:10:     layout_roguey, mainiacjoe_overflow_brackets,
          okawaru_altar_gauntlet_db, orc_0_dummy, nicolae_trove_entry_crystal
D:11:     layout_irregular_city
Temple:   nicolae_temple_cloud_nine
Lair:1:   layout_gridlike, ebering_ghost_funeral_grove, lemuel_old_faithful
Lair:2:   lemuel_ratsnest, layout_regular_city, palyth_hydra_swamp_entry,
          grunt_forest_small_clearings, nicolae_lair_lil_pond, minivault_25,
          grunt_megastairs_1

Skill      XL: |  1  2  3  4  5  6  7  8  9 10 11 |
---------------+----------------------------------+-----
Dodging        | 2 3 4 5 6 7 8 |  8.2
Fighting       | 2 3 4 5 7 8 9 |  9.6
Shapeshifting  | 4 5 6 7 9 10 11 | 11.7
Unarmed Combat | 4 5 6 7 8 9 |  9.3

Action                     |  1- 3 |  4- 6 |  7- 9 | 10-12 || total
---------------------------+-------+-------+-------+-------++-------
  Melee: Unarmed           |    98 |   164 |   336 |   477 ||  1075
         Tailslap          |    14 |    25 |    55 |    87 ||   181
         Punch             |       |     6 |     6 |    33 ||    45
         Maw               |       |       |       |   162 ||   162
  Throw: Dart              |       |    10 |     6 |     1 ||    17
 Invoke: Serpent's Lash    |       |       |       |     2 ||     2
Ability: Lunge             |       |     4 |    21 |    27 ||    52
         Whirlwind         |       |       |    13 |    78 ||    91
         Breathe Fire      |       |       |     4 |     8 ||    12
  Evoke: Wand              |       |     5 |    16 |     1 ||    22
    Use: Scroll            |       |     2 |    10 |     8 ||    20
         Potion            |       |     1 |     5 |     3 ||     9
   Stab: Sleeping          |       |     1 |       |       ||     1
         Petrified         |       |       |       |     2 ||     2
 Armour: Skin              |    46 |   102 |   226 |   346 ||   720
  Dodge: Dodged            |    62 |    87 |   261 |   400 ||   810
   Form: Flux              |       |       |     1 |       ||     1
         Maw               |       |       |       |     1 ||     1

Table legend: (Time is in decaauts)
 A = Elapsed time spent in this place.
 B = Non-inter-level travel time spent in this place.
 C = Inter-level travel time spent in this place.
 D = Time resting spent in this place.
 E = Time spent auto-exploring this place.
 F = Levels seen in this place.
 G = Mean time per level.
                   A        B        C        D        E       F      G
               +--------+--------+--------+--------+--------+-----+--------+
         Total |  13490 |  12816 |    674 |   1657 |   8498 |  14 |  963.6 |
       Dungeon |  11270 |  10634 |    636 |   1654 |   6856 |  11 | 1024.5 |
        Temple |     12 |      7 |      5 |      0 |      0 |   1 |   12.0 |
          Lair |   2206 |   2174 |     32 |      3 |   1642 |   2 | 1103.0 |
               +--------+--------+--------+--------+--------+-----+--------+

Top non-repeatable levels by time:
  Lair:1: 1866 daAuts
     D:8: 1593 daAuts
     D:4: 1321 daAuts
     D:7: 1261 daAuts
     D:5: 1233 daAuts
     D:9: 1187 daAuts
    D:10: 1101 daAuts
     D:6: 906 daAuts
     D:3: 888 daAuts
     D:2: 866 daAuts
     D:1: 827 daAuts
  Lair:2: 340 daAuts
    D:11: 83 daAuts
  Temple: 12 daAuts
